 Dungeon Crawl Stone Soup version 0.19.0-19-g8c6edcc (webtiles) character file.

111 rocketpapaya the Sneak (level 4, 0/27 HPs)
             Began as an Octopode Enchanter on Nov 12, 2016.
             Succumbed to a worker ant's poison
             ... on level 3 of the Dungeon.
             The game lasted 00:05:46 (1964 turns).

rocketpapaya the Sneak (Octopode Enchanter)         Turns: 1964, Time: 00:05:47

Health: 0/27       AC:  3    Str:  7    XL:     4   Next: 92%
Magic:  2/7        EV: 18    Int: 18    God:
Gold:   86         SH:  4    Dex: 17    Spells: 3 memorised, 1 level left

rFire  . . .     SeeInvis .     a - +1 dagger
rCold  . . .     Gourm    .     p - +0 buckler
rNeg   . . .     Faith    .     (helmet restricted)
rPois  .         Spirit   .     (no amulet)
rElec  .         Reflect  .     (no ring)
rCorr  .         Harm     .     (no ring)
MR     .....                    (no ring)
Stlth  +++++.....               (no ring)
                                (no ring)
                                (no ring)
                                (no ring)
                                (no ring)

@: agile, lethally poisoned (0 -> -3), very slightly contaminated
A: almost no armour, stealthy swim, amphibious, 8 rings, constrict 8, tentacle
spike 1, slimy green scales 1, camouflage 1, gelatinous body 1, evolution 1
a: no special abilities


You were on level 3 of the Dungeon.
You were hungry.

You visited 1 branch of the dungeon, and saw 3 of its levels.

You collected 86 gold pieces.

Inventory:

Hand Weapons
 a - a +1 dagger (weapon)
Missiles
 e - 108 stones (quivered)
Armour
 p - a +0 buckler (worn)
Scrolls
 d - a scroll of immolation {unknown}
 f - 4 scrolls of identify {unknown}
 h - 2 scrolls of remove curse {unknown}
 i - a scroll of teleportation {unknown}
 o - a scroll of fear {unknown}
 r - a scroll of fog {unknown}
 s - a scroll of noise {unknown}
Potions
 k - a potion of magic {unknown}
 l - 2 potions of heal wounds {unknown}
 m - a potion of degeneration {unknown}
 n - 2 potions of curing {unknown}
Books
 b - a book of Maledictions

   Spells                             Type                      Level
   a - Corona                         Hexes                        1
   b - Ensorcelled Hibernation        Hexes/Ice                    2
   c - Confuse                        Hexes                        3
   d - Tukima's Dance                 Hexes                        3
   e - Dazzling Spray                 Conjuration/Hexes            3
Comestibles
 c - a bread ration
 q - a slice of pizza


   Skills:
 * Level 2.6 Short Blades
 - Level 2.0 Dodging
 + Level 4.5 Stealth
 * Level 0.8 Shields
 + Level 2.4 Spellcasting
 * Level 3.8 Hexes
 + Level 1.1 Ice Magic


You had one spell level left.
You knew the following spells:

 Your Spells              Type           Power        Failure   Level  Hunger
a - Corona                Hex            ###....      8%          1    #......
b - Ensorcelled Hibernat  Hex/Ice        ##....       14%         2    ##.....
c - Confuse               Hex            ###.....     21%         3    ###....


Dungeon Overview and Level Annotations

Branches:
Dungeon (3/15)

Altars:
Qazlal

Annotations:
D:3 TheedMan's ghost, weakling SpAs


Innate Abilities, Weirdness & Mutations

You cannot wear most types of armour.
You are very stealthy in the water. (Stealth+)
You are amphibious.
You can wear up to eight rings at the same time.
You can use your tentacles to constrict eight enemies at once.
Your skin changes colour to match your surroundings (Stealth+).
Your rubbery body absorbs attacks. (AC +1, EV +1)
One of your tentacles bears a spike.
You are partially covered in slimy green scales. (AC +2)
You evolve.


Message History

The worker ant poisons you!
You hit the worker ant but do no damage.
You squeeze the worker ant.
The worker ant is moderately wounded.
You constrict the worker ant, but do no damage.
You feel sick. The worker ant bites you.
You release your grip on the worker ant.
You feel sick. The worker ant barely misses you.
You feel sick.
You see here a sapphire potion.
You feel sick. The worker ant bites you!
* * * LOW HITPOINT WARNING * * *
It was a potion of mutation.
You feel extremely strange.
One of your lower tentacles grows a sharp spike.
You feel nature experimenting on you.
Don't worry, failures die fast.
Slimy green scales grow over part of your body.
The worker ant barely misses you.
It was a potion of agility.
You feel agile all of a sudden.
You die...

#.# ..............# ...
.#..###..$........# ....
..........)......### .....
.#...†.....?.......# .....
...........!.......##.....
.###......................
#..#.##.#.#.#..........
#..#.##.....a.........#
#..#.#....##.@........#
...#.#...###..........##
.##.#..>... #............
## #.#.##.##.#...........
.. #. # ##........#.
#.##........##
###............#
...............#
#####..........###


You could see a worker ant.

Vanquished Creatures
  Ijyb (D:2)
  4 adders (D:2)
  2 worms (D:2)
  2 leopard geckos
  A ball python (D:2)
  4 giant cockroaches
  4 hobgoblins
  5 kobolds
  7 bats
  6 frilled lizards
  3 goblins (D:1)
  9 rats
48 creatures vanquished.

Notes
Turn   | Place    | Note
-------+----------+-------------------------------------------
     0 | D:1      | rocketpapaya the Octopode Enchanter began the quest for the Orb.
     0 | D:1      | Reached XP level 1. HP: 11/11 MP: 3/3
   381 | D:1      | Reached XP level 2. HP: 5/17 MP: 1/5
   702 | D:1      | Learned a level 2 spell: Ensorcelled Hibernation
   992 | D:2      | Reached XP level 3. HP: 21/21 MP: 3/6
  1029 | D:2      | Noticed Ijyb
  1062 | D:2      | Killed Ijyb
  1062 | D:2      | Reached XP level 4. HP: 22/27 MP: 1/7
  1223 | D:2      | Found a stormy altar of Qazlal.
  1272 | D:2      | Reached skill level 1 in Ice Magic
  1910 | D:3      | Noticed TheedMan's ghost (weakling SpAs)
  1922 | D:3      | Learned a level 3 spell: Confuse
  1960 | D:3      | HP: 1/27 [worker ant (7)]
  1963 | D:3      | Gained mutation: One of your tentacles bears a spike. [potion of mutation]
  1963 | D:3      | Gained mutation: You evolve. [potion of mutation]
  1963 | D:3      | Gained mutation: You are partially covered in slimy green scales. (AC +2) [potion of mutation]
  1964 | D:3      | Succumbed to a worker ant's poison

Skill      XL: |  1  2  3  4 |
---------------+-------------+-----
Short Blades   | 2 |  2.6
Ice Magic      | 1 |  1.1
Dodging        | |  2.0
Stealth        | |  4.5
Shields        | |  0.8
Spellcasting   | |  2.4
Hexes          | |  3.8

Action                   |  1- 3 |  4- 6 || total
-------------------------+-------+-------++-------
Melee: Dagger            |    46 |    61 ||   107
       Constrict         |     7 |    17 ||    24
       Tentacles         |     3 |    10 ||    13
Throw: Stone             |     1 |       ||     1
 Cast: Corona            |     2 |       ||     2
       Ensorcelled Hiber |     3 |     4 ||     7
  Use: Potion            |       |     2 ||     2
 Stab: Sleeping          |     8 |     9 ||    17
  Eat: Chunk             |       |     3 ||     3
Armor: Skin              |     1 |     3 ||     4
Dodge: Dodged            |    22 |    49 ||    71
Block: Buckler           |       |    10 ||    10
